 Dungeon Crawl Stone Soup version 0.31-a0-851-g7ff8af7976 (webtiles) character file.

Game seed: 1155228826033957228

72 Malachi the Ruffian (level 4, -2/33 HPs)
             Began as a Djinni Shapeshifter on Oct 6, 2023.
             Slain by an orc priest
             ... wielding a +0 mace
              (4 damage)
             ... on level 3 of the Dungeon.
             The game lasted 00:03:34 (1725 turns).

Malachi the Ruffian (Djinni Shapeshifter)           Turns: 1725, Time: 00:03:35

Health: -2/33      AC:  6    Str: 15    XL:     4   Next: 48%
Gold:   50         EV: 10    Int: 18    God:
                   SH:  0    Dex: 12

rFire   + +          .
                       - Unarmed
rCold   x . .        (no shield)
rNeg    . . .        f - +0 scale mail
rPois   ∞            (helmet currently unavailable)
rElec   .            (cloak currently unavailable)
rCorr   .            (gloves currently unavailable)
SInv    .            (boots unavailable)
Will    +....        (no amulet) Stlth
                     i - +6 ring of intelligence
HPRegen 0.25/turn    (no ring)
MPRegen 0.00/turn

%: infuse magic (-3 HP)
@: beast-form, enlightened, flying
A: beast (slay +1), flying, sickness immunity, fire resistance 2, cold
vulnerability 1, float, innate caster, HP casting, extra vitality 1
a: Begin Untransformation


You were on level 3 of the Dungeon.
You were a hulking beast.
You visited 1 branch of the dungeon, and saw 4 of its levels.

You collected 50 gold pieces.

Inventory:

Missiles
 m - 15 stones (quivered)
Armour
 a - a +0 animal skin
 f - a +0 scale mail (worn)
Jewellery
 i - a +6 ring of intelligence (left hand)
Talismans
 c - a beast talisman (active)
 d - a flux talisman
Potions
 b - a potion of lignification


   Skills:
 + Level 2.0 Fighting
 + Level 3.0 Dodging
 + Level 3.5 Unarmed Combat
 + Level 3.1 Shapeshifting


You knew the following spells:

 Your Spells              Type           Power      Damage    Failure   Level
a - Sandblast             Erth           0%         2d4       67%         1
Your spell library was empty.

Dungeon Overview and Level Annotations

Branches:
Dungeon (4/15)
 Temple: D:4-7

Altars:

Shops:
D:1 ?

Annotations:
D:3 Grinder


Innate Abilities, Weirdness & Mutations

You are a hulking beast.
Your limbs bulge with bestial killing power. (Slay +1)
You are flying.
You are immune to sickness and miasma.
You are immune to poison.
Your flesh is very heat resistant. (rF++)
You are vulnerable to cold. (rC-)
You float through the air rather than walking.
You learn spells naturally, not from books.
Your magical power is your life essence.
You have superior vitality. (+4 MHP)


Message History

The gnoll hits you but does no damage.
It was a potion of curing.
You feel better. The gnoll hits you but does no damage.
It was a potion of enlightenment.
You feel more buoyant. The gnoll hits you but does no damage.
The orc closely misses you.
The orc shouts!
You hit the orc.
The orc is heavily wounded.
You hear a shout!
The gnoll hits you but does no damage. The orc hits you with a +0 dagger.
You barely miss the orc.
The orc is heavily wounded.
The orc shouts!
The gnoll closely misses you. The orc hits you with a +0 dagger.
The orc priest looks satisfied for a moment.
Grinder blinks!
You hit the orc.
The orc is almost dead.
The gnoll misses you.
The orc wizard gestures wildly while chanting.
The orc wizard flickers and vanishes!
The orc hits you but does no damage.
You hit the orc.
You kill the orc!
The gnoll hits you from afar with a +0 spear.
You hit the orc priest but do no damage.
The gnoll hits you from afar with a +0 spear.
* * * LOW HITPOINT WARNING * * *
The orc priest hits you with a +0 mace.
* * * LOW HITPOINT WARNING * * *
You hit the orc priest.
The orc priest is lightly wounded.
The gnoll hits you from afar with a +0 spear.
* * * LOW HITPOINT WARNING * * *
The orc priest hits you with a +0 mace.
* * * LOW HITPOINT WARNING * * *
You hit the orc priest.
The orc priest is moderately wounded.
The gnoll closely misses you. The orc priest hits you with a +0 mace.
You die...

*,###*****,*,
###########.#..,,,,,,,,
###########.#.######.,,
###########.#>.......,,
###########..5......#*,
###########..<......#**
###########..........,,
###########..........,,
#####.hoo.o..........,,
#####.######5.....5..,,
#####g######.o..oo...,*
#####g######........#,,
#####{######.or...o..*,
#####ggg(..#..,,,,,,,**
########...#..,,,,,,,*
########...+..,,,,,,,*
#...#*****,,,,**


You could see Grinder, an orc priest, 2 gnolls, 2 orcs and a goblin.

Vanquished Creatures
  An adder (D:2)
  2 worms
  2 dart slugs (D:2)
  4 orcs
  9 endoplasms
  A giant cockroach (D:4)
  4 goblins
  2 hobgoblins (D:2)
  4 jackals (D:1)
  3 quokkas
  4 ball pythons
  4 bats
  4 kobolds
44 creatures vanquished.

Notes
Turn   | Place    | Note
-------+----------+-------------------------------------------
     0 | D:1      | Malachi the Djinni Shapeshifter began the quest for the
                  | Orb.
     0 | D:1      | Reached XP level 1. HP: 17/17 MP: 0/0
   221 | D:1      | Reached XP level 2. HP: 22/22 MP: 0/0
   474 | D:1      | Reached XP level 3. HP: 26/27 MP: 0/0
   474 | D:1      | Learned a level 1 spell: Sandblast
   490 | D:1      | Found The Oracle's Delphic Readings.
  1055 | D:3      | Noticed Grinder
  1215 | D:2      | Reached XP level 4. HP: 29/33 MP: 0/0
  1437 | D:2      | You are sucked into a shaft and drop 2 floors!
  1439 | D:4      | Noticed a scorpion
  1447 | D:4      | Noticed an ogre
  1725 | D:3      | Slain by an orc priest

Illustrated notes

Levels and vault maps discovered:
D:1:      nicolae_arrival_escape_room, layout_basic, nicolae_nh_oracle_at_delphi
D:2:      layout_loops_corners, minmay_divided_ellipse
D:3:      layout_basic, hellmonk_ecumenical_altar_blasted, uniq_grinder,
          uniq_sigmund
D:4:      layout_cave_pools, serial_bayou_lagoon_a, lightli_corner_chamber

Skill      XL: |  1  2  3  4 |
---------------+-------------+-----
Shapeshifting  | 3 |  3.1
Fighting       | 2 |  2.0
Dodging        | 3 |  3.0
Unarmed Combat | |  3.5

Action                     |  1- 3 |  4- 6 || total
---------------------------+-------+-------++-------
  Melee: Unarmed           |    77 |    46 ||   123
         Punch             |     3 |     2 ||     5
  Throw: Stone             |       |     1 ||     1
   Cast: Sandblast         |     2 |     2 ||     4
    Use: Scroll            |       |     4 ||     4
         Potion            |       |     2 ||     2
 Armour: Scale mail        |    52 |    64 ||   116
         Animal skin       |     1 |       ||     1
  Dodge: Dodged            |    74 |    35 ||   109

Table legend: (Time is in decaauts)
 A = Elapsed time spent in this place.
 B = Non-inter-level travel time spent in this place.
 C = Inter-level travel time spent in this place.
 D = Time resting spent in this place.
 E = Time spent auto-exploring this place.
 F = Levels seen in this place.
 G = Mean time per level.
                   A        B        C        D        E       F      G
               +--------+--------+--------+--------+--------+-----+--------+
         Total |   1719 |   1609 |    110 |    193 |   1005 |   4 |  429.8 |
       Dungeon |   1719 |   1609 |    110 |    193 |   1005 |   4 |  429.8 |
               +--------+--------+--------+--------+--------+-----+--------+

Top non-repeatable levels by time:
     D:1: 777 daAuts
     D:2: 655 daAuts
     D:4: 265 daAuts
     D:3: 22 daAuts
